 Dungeon Crawl Stone Soup version 0.27-a0-1196-g3e9cee4cb2 (webtiles) character file.

Game seed: 8286459587565391609

82 funkygono the Magician (level 4, 0/31 HPs)
             Began as a Djinni Fire Elementalist on May 29, 2021.
             Hit by a stone thrown by a hobgoblin (5 damage)
             ... on level 3 of the Dungeon.
             The game lasted 00:03:49 (2270 turns).

funkygono the Magician (Djinni Fire Elementalist)   Turns: 2270, Time: 00:03:49

Health: 0/31       AC:  2    Str:  7    XL:     4   Next: 70%
Gold:   121        EV: 12    Int: 18    God:
                   SH:  0    Dex: 13

rFire    + + .     SeeInvis .   j - +0 dagger
rCold    x . .     Faith    .   (no shield)
rNeg     . . .     Spirit   .   a - +0 robe
rPois    ∞         Reflect  .   (no helmet)
rElec    .         Harm     .   (no cloak)
rCorr    .         Rampage  .   (no gloves)
Will     .....                  (boots unavailable)
Stlth    ++........             (no amulet)
HPRegen  0.10/turn              l - ring of wizardry
MPRegen  0.00/turn              (no ring)

@: flying
A: sickness immunity, fire resistance 2, cold vulnerability 1, float, innate
caster, hp casting, extra vitality 1
a: no special abilities


You were on level 3 of the Dungeon.
You visited 1 branch of the dungeon, and saw 3 of its levels.

You collected 121 gold pieces.

Inventory:

Hand Weapons
 j - a +0 dagger (weapon)
Missiles
 k - 57 stones
Armour
 a - a +0 robe (worn)
 h - a +0 ring mail of poison resistance
 m - a +0 buckler
Magical Staves
 g - a staff of poison
Jewellery
 l - a ring of wizardry (left hand)
Wands
 d - a wand of acid (13)
Potions
 b - a potion of mutation
 c - 2 potions of lignification {unknown}
 e - a potion of degeneration {unknown}
 f - a potion of attraction {unknown}
 p - a potion of might {unknown}


   Skills:
 + Level 2.9 Dodging
 + Level 1.9 Stealth
 + Level 3.6 Spellcasting


You couldn't memorise any spells.
You knew the following spells:

 Your Spells              Type           Power      Damage    Failure   Level
a - Foxfire               Conj/Fire      64%        2x1d7     1%          1
b - Conjure Flame         Conj/Fire      16%        6-21      4%          3
c - Inner Flame           Hex/Fire       16%        N/A       4%          3
d - Sticky Flame          Conj/Fire      16%        2d4       14%         4
e - Fireball              Conj/Fire      8%         3d6       34%         5
f - Shock                 Conj/Air       64%        1d7       1%          1
Your spell library was empty.

Dungeon Overview and Level Annotations

Branches:
Dungeon (3/15)

Altars:


Innate Abilities, Weirdness & Mutations

You are immune to sickness and miasma.
You are immune to poison.
Your flesh is very heat resistant. (rF++)
You are vulnerable to cold. (rC-)
You float through the air rather than walking.
You learn spells naturally, not from books.
Your magical power is your life essence.
You have superior vitality. (+4 HP)


Message History

Okay, then.
k - 57 stones (gained 20)
A hobgoblin comes into view. It is wielding a +0 quarterstaff.
The hobgoblin shouts!
You hear a shout!
The hobgoblin throws a stone.
The stone closely misses you.
Casting: Foxfire (safe; 1% risk of failure)
Confirm with . or Enter, or press ? or * to list all spells.
You conjure some foxfire!
The foxfire hits the hobgoblin but does no damage.
The foxfire hits the hobgoblin but does no damage.
Casting: Foxfire (safe; 1% risk of failure)
Confirm with . or Enter, or press ? or * to list all spells.
You conjure some foxfire!
The hobgoblin closely misses you.
The foxfire hits the hobgoblin but does no damage.
The hobgoblin hits you with a +0 quarterstaff.
The foxfire hits the hobgoblin but does no damage.
The hobgoblin barely misses you.
You hit the hobgoblin but do no damage.
The hobgoblin hits you with a +0 quarterstaff.
You closely miss the hobgoblin. The hobgoblin barely misses you.
Casting: Foxfire (safe; 1% risk of failure)
Confirm with . or Enter, or press ? or * to list all spells.
You conjure some foxfire!
The hobgoblin misses you.
You hit the hobgoblin but do no damage.
The foxfire hits the hobgoblin but does no damage.
The hobgoblin hits you with a +0 quarterstaff.
The foxfire hits the hobgoblin but does no damage.
The hobgoblin barely misses you.
Casting: Foxfire (safe; 1% risk of failure)
Confirm with . or Enter, or press ? or * to list all spells.
You conjure some foxfire!
The hobgoblin barely misses you.
You hit the hobgoblin but do no damage.
The foxfire hits the hobgoblin.
The hobgoblin is almost dead.
The hobgoblin hits you with a +0 quarterstaff!
* * * LOW HITPOINT WARNING * * *
The foxfire hits the hobgoblin but does no damage.
The hobgoblin is almost dead.
The hobgoblin misses you.
The hobgoblin throws a stone.
The stone hits you.
You die...

##### .... #..
#§# ..# ###.#
#.###@.g#
#.##.###.# #.#.##
#.# #.#.# ...
#.#.## ###
######.##.###....
#............#
#.....#.######
###..#.###.###


You could see a hobgoblin.

Vanquished Creatures
  An orc priest (D:3)
  An adder (D:2)
  3 orcs (D:3)
  5 endoplasms (D:2)
  A goblin (D:2)
  5 hobgoblins
  2 jackals (D:2)
  4 kobolds
  A quokka (D:1)
  7 ball pythons
  5 bats
  A rat (D:1)
36 creatures vanquished.

Vanquished Creatures (others)
  106 foxfires
106 creatures vanquished.

Grand Total: 142 creatures vanquished

Notes
Turn   | Place    | Note
-------+----------+-------------------------------------------
     0 | D:1      | funkygono the Djinni Fire Elementalist began the quest for
                  | the Orb.
     0 | D:1      | Reached XP level 1. HP: 15/15 MP: 0/0
   207 | D:1      | Reached XP level 2. HP: 17/21 MP: 0/0
   734 | D:1      | Found a faded altar of an unknown god.
  1116 | D:2      | Reached skill level 3 in Spellcasting
  1116 | D:2      | Reached XP level 3. HP: 23/25 MP: 0/0
  1116 | D:2      | Learned a level 1 spell: Shock
  2023 | D:3      | Reached XP level 4. HP: 29/31 MP: 0/0
  2270 | D:3      | Hit by a stone thrown by a hobgoblin

Illustrated notes

Levels and vault maps discovered:
D:1:      minmay_arrival_stair_chambers, layout_basic,
          hellmonk_ecumenical_altar_crossroads
D:2:      layout_loops_ring
D:3:      layout_loops_ring, good_gods_mini_temple

Skill      XL: |  1  2 |
---------------+-------+-----
Spellcasting   | 3 |  3.6
Dodging        | |  2.9
Stealth        | |  1.9

Action                   |  1- 3 |  4- 6 || total
-------------------------+-------+-------++-------
Melee: Dagger            |       |     6 ||     6
 Cast: Foxfire           |    52 |    10 ||    62
  Use: Scroll            |     3 |       ||     3
Armor: Robe              |     2 |     1 ||     3
Dodge: Dodged            |    11 |    12 ||    23

Table legend: (Time is in decaauts)
 A = Elapsed time spent in this place.
 B = Non-inter-level travel time spent in this place.
 C = Inter-level travel time spent in this place.
 D = Time resting spent in this place.
 E = Time spent auto-exploring this place.
 F = Levels seen in this place.
 G = Mean time per level.
                   A        B        C        D        E       F      G
               +--------+--------+--------+--------+--------+-----+--------+
         Total |   2266 |   2188 |     78 |    163 |   1746 |   3 |  755.3 |
       Dungeon |   2266 |   2188 |     78 |    163 |   1746 |   3 |  755.3 |
               +--------+--------+--------+--------+--------+-----+--------+

Top non-repeatable levels by time:
     D:2: 1021 daAuts
     D:1: 981 daAuts
     D:3: 263 daAuts
